 Dungeon Sprint DCSS version 0.22.1-1-ga44c0e56f4 (webtiles) character file.

25 MuseOD the Sneak (level 2, 0/15 HPs)
             Began as a Spriggan Enchanter on Sept 28, 2018.
             Slain by a phantom (8 damage)
             ... in the Dungeon (Sprint III: "The Ten Rune Challenge").
             The game lasted 00:01:23 (311 turns).

MuseOD the Sneak (Spriggan Enchanter)                Turns: 311, Time: 00:01:23

Health: 0/15       AC:  2    Str:  4    XL:     2   Next: 82%
Magic:  6/6        EV: 18    Int: 16    God:
Gold:   12         SH:  0    Dex: 16    Spells: 3/6 levels left

rFire    . . .     SeeInvis +   a - +1 dagger
rCold    . . .     Gourm    .   (shield restricted)
rNeg     . . .     Faith    .   b - +0 robe
rPois    .         Spirit   .   (helmet restricted)
rElec    .         Reflect  .   (no cloak)
rCorr    .         Harm     .   (gloves unavailable)
MR       .....     NoTele   +   (boots unavailable)
Stlth    +++.......             (no amulet)
HPRegen  0.05/turn              (no ring)
MPRegen  0.10/turn              (no ring)

@: very quick
A: very small, unfitting armour, see invisible, herbivore, speed 3, slow
metabolism 2
a: no special abilities


You were in the Dungeon.
You were not hungry.

You visited 1 branch You collected 12 gold pieces.

Inventory:

Hand Weapons
 a - a +1 dagger (weapon)
Armour
 b - a +0 robe (worn)
Scrolls
 j - a scroll of blinking
 k - a scroll of holy word {unknown}
 l - 6 scrolls of identify
 m - 2 scrolls of remove curse
 o - a scroll of immolation {unknown}
Potions
 c - a potion of degeneration {unknown}
 e - a potion of curing
 f - a potion of heal wounds
 g - 2 potions of haste
 h - 2 potions of magic
 i - 4 potions of mutation {unknown}
 n - 2 potions of flight {unknown}
Comestibles
 d - 3 rations


   Skills:
 + Level 2.1 Fighting
 * Level 4.4 Short Blades
 - Level 3.0 Dodging
 + Level 6.2 Stealth
 - Level 2.6 Spellcasting
 - Level 3.6 Hexes


You had 3 spell levels left.
You knew the following spells:

 Your Spells              Type           Power        Failure   Level  Hunger
a - Corona                Hex            ##.....      4%          1    #......
b - Ensorcelled Hibernat  Hex/Ice        #.....       14%         2    ##.....

Your spell library contained the following spells:

 Spells                   Type           Power        Failure   Level  Hunger
 Confuse                  Hex            ##......     13%         3    ###....
 Tukima's Dance           Hex            ##......     13%         3    ###....
 Dazzling Spray           Conj/Hex       #.....       28%         3    ###....


Dungeon Overview and Level Annotations

Branches:
Dungeon (1/1)

Altars:


Innate Abilities, Weirdness & Mutations

You are very small and have problems with some larger weapons.
You are too small for most types of armour.
You have supernaturally acute eyesight. (SInv)
You are a herbivore.
You cover ground extremely quickly.
You need to consume almost no food.


Message History

There's a creature in the doorway!
There's a creature in the doorway!
There's a creature in the doorway!
There's a creature in the doorway!
There's a creature in the doorway!
There's a creature in the doorway!
There's a creature in the doorway!
There's a creature in the doorway!
There's a creature in the doorway!
There's a creature in the doorway!
You aren't carrying any items that you can evoke.
You barely miss the phantom. You hit the phantom.
The phantom is moderately damaged.
The phantom misses you.
You closely miss the phantom.
The phantom is moderately damaged.
The phantom hits you!
Ouch! That really hurt!
You die...

▓▓▓▓▓▓▓▓▓▓▓▓▓
▓<.#..W.....♣
▓..#.@#....♣♣
▓#'####....♣♣
▓.....#....≈♣♣♣♣
▓.....#...≈≈..♣.♣.#
▓.....#..≈≈≈≈♣.♣..+
▓####'#..≈≈≈≈≈≈.♣.#
▓(....#.≈≈≈≈≈≈....#
▓..W..#§≈≈≈≈≈.....#
▓.....#.≈≈≈.......#


You could see a phantom.

Vanquished Creatures
  A human (D)
  An ooze (D)
  3 rats (D)
5 creatures vanquished.

Vanquished Creatures (others)
  2 draconian scorchers (D)
  4 hellions (D)
  A yaktaur (D)
  6 plants (D)
13 creatures vanquished.

Grand Total: 18 creatures vanquished

Notes
Turn   | Place    | Note
-------+----------+-------------------------------------------
     0 | D        | MuseOD the Spriggan Enchanter began the quest for the Orb.
     0 | D        | Reached XP level 1. HP: 9/9 MP: 5/5
    18 | D        | Reached skill level 1 in Fighting
    18 | D        | Reached skill level 5 in Stealth
    51 | D        | Killed a yaktaur
    99 | D        | Killed a hellion
   127 | D        | Killed a hellion
   157 | D        | Killed a hellion
   157 | D        | Killed a hellion
   181 | D        | Killed a white draconian scorcher
   183 | D        | Killed a white draconian scorcher
   216 | D        | Reached skill level 6 in Stealth
   216 | D        | Reached XP level 2. HP: 6/15 MP: 6/6
   245 | D        | Learned a level 2 spell: Ensorcelled Hibernation
   311 | D        | Slain by a phantom

Skill      XL: |  1 |
---------------+----+-----
Fighting       | 2 |  2.1
Short Blades   | 4 |  4.4
Stealth        | 6 |  6.2
Dodging        | |  3.0
Spellcasting   | |  2.6
Hexes          | |  3.6

Action                   || total
-------------------------++-------
Melee: Dagger            ||    32
  Use: Potion            ||     1
 Stab: Sleeping          ||     3
Armor: Robe              ||     4
Dodge: Dodged            ||    18
